 Dungeon Crawl Stone Soup version 0.26.0-45-g9c1d065592 (webtiles) character file.

Game seed: 16302869897900804434

275 Mattiprrivan the Slasher (level 6, -1/48 HPs)
             Began as a Merfolk Fighter on Jan 29, 2021.
             Killed by divine providence
             ... invoked by an orc priest
              (10 damage)
             ... on level 4 of the Dungeon.
             The game lasted 00:24:10 (3398 turns).

Mattiprrivan the Slasher (Merfolk Fighter)          Turns: 3398, Time: 00:24:10

Health: -1/48      AC:  6    Str: 18    XL:     6   Next: 25%
Magic:  6/6        EV:  8    Int:  7    God:
Gold:   192        SH:  9    Dex: 14    Spells: 5/5 levels left

rFire    . . .     SeeInvis .   a - +0 long sword
rCold    . . .     Faith    .   c - +0 kite shield
rNeg     . . .     Spirit   .   b - +0 scale mail
rPois    .         Reflect  .   (no helmet)
rElec    .         Harm     .   (no cloak)
rCorr    .         Rampage  .   (no gloves)
Will     .....                  (no boots)
Stlth    +.........             (no amulet)
HPRegen  0.16/turn              (no ring)
MPRegen  0.10/turn              (no ring)

@: lethally poisoned (-1 -> -10), about to teleport
A: change form in water, swift swim, stealthy swim
a: no special abilities


You were on level 4 of the Dungeon.
You visited 1 branch of the dungeon, and saw 4 of its levels.

You collected 192 gold pieces.

Inventory:

Hand Weapons
 a - a +0 long sword (weapon)
Missiles
 d - 3 javelins (quivered)
Armour
 b - a +0 scale mail (worn)
 c - a +0 kite shield (worn)
Scrolls
 e - 4 scrolls of remove curse
 i - a scroll of teleportation
Potions
 g - a potion of haste


   Skills:
 * Level 3.7 Fighting
 * Level 4.9 Long Blades
 * Level 2.7 Armour
 * Level 2.0 Dodging
 * Level 1.7 Stealth
 * Level 3.8 Shields


You had 5 spell levels left.
You didn't know any spells.
Your spell library was empty.

Dungeon Overview and Level Annotations

Branches:
Dungeon (4/15)
 Temple: D:4-7

Altars:


Message History

Aim: an orc priest, wielding a +2 hand axe of venom (severely wounded)
You barely miss the orc priest.
The orc priest is severely wounded.
You feel sick.
The orc hits you from afar with a +3 trident!
The orc priest hits you with a +2 hand axe of venom.
You are more poisoned.
Okay, then.
As you read the scroll of teleportation, it crumbles to dust.
You feel strangely unstable.
You feel sick. You block the orc's attack. You block the orc priest's attack.
You feel sick.
The orc priest calls down the wrath of Beogh upon you.
Beogh smites you!
* * * LOW HITPOINT WARNING * * *
* * * LOW HITPOINT WARNING * * *
You feel sick.
The orc priest invokes the aid of Beogh against you.
Beogh smites you!
You die...

..###.# ###.#.## ##
#.## .. ##.## .# .
#)†.# .# .(
#...#####.# †.(
#......... o).
#####...####.# Z.
#####...........@###.#
...................o(#
####............######
###.#...#.##.# #..
#.#........# #.#
####### #.#...#.####
#.# #.....# #........#
##.###.##.##
#..#.##..#
###.#.##†##..###
#........#
#..###......#..#


You could see an orc priest.

Vanquished Creatures
  2 hounds (D:4)
  Natasha (twice) (D:3)
  2 worker ants
  An iguana (D:4)
  An adder (D:4)
  2 worms
  4 dart slugs
  A leopard gecko (D:2)
  4 orcs (D:4)
  4 giant cockroaches (D:1)
  7 goblins
  7 hobgoblins
  12 jackals (D:3)
  2 quokkas (D:2)
  A bat (D:2)
  3 frilled lizards
  5 kobolds
  7 rats
67 creatures vanquished.

Notes
Turn   | Place    | Note
-------+----------+-------------------------------------------
     0 | D:1      | Mattiprrivan the Merfolk Fighter began the quest for the
                  | Orb.
     0 | D:1      | Reached XP level 1. HP: 18/18 MP: 1/1
    93 | D:1      | Reached XP level 2. HP: 23/24 MP: 2/2
    95 | D:1      | Reached skill level 3 in Long Blades
   590 | D:2      | Reached XP level 3. HP: 28/29 MP: 3/3
   759 | D:2      | Reached skill level 4 in Long Blades
   780 | D:2      | Reached XP level 4. HP: 35/35 MP: 4/4
  1574 | D:3      | Reached skill level 1 in Dodging
  2141 | D:3      | Noticed Natasha
  2149 | D:3      | Killed Natasha
  2150 | D:3      | Reached XP level 5. HP: 33/41 MP: 5/5
  2350 | D:3      | Reached skill level 1 in Stealth
  2419 | D:3      | Noticed Natasha
  2436 | D:3      | Killed Natasha
  2930 | D:4      | Reached XP level 6. HP: 16/48 MP: 6/6
  3398 | D:4      | Killed from afar by an orc priest

Illustrated notes

Levels and vault maps discovered:
D:1:      wander_arrival_abandoned_jail, layout_rooms, chequers_arboretum,
          minmay_hexomino_p4
D:2:      layout_basic
D:3:      layout_basic, uniq_natasha
D:4:      cheibrodos_thug_alley, layout_loops_cross, nzn_hepliaklqana_mist_gate

Skill      XL: |  1  2  3  4  5  6 |
---------------+-------------------+-----
Long Blades    | 3 4 |  4.9
Dodging        | 1 2 |  2.0
Stealth        | 1 |  1.7
Fighting       | |  3.7
Armour         | |  2.7
Shields        | |  3.8

Action                   |  1- 3 |  4- 6 || total
-------------------------+-------+-------++-------
Melee: Long sword        |    81 |   146 ||   227
Throw: Javelin           |       |     5 ||     5
  Use: Potion            |     6 |     8 ||    14
       Scroll            |     5 |     5 ||    10
Armor: Scale mail        |    29 |    48 ||    77
Dodge: Dodged            |    21 |    30 ||    51
Block: Kite shield       |    34 |    81 ||   115
       Rpst.: Long sword |     4 |    11 ||    15
